 Dungeon Crawl Stone Soup version 0.31-a0-233-g139696dc86 (webtiles) character file.

Game seed: 13033205461801436952

406 Demosthentine the Poker (level 6, 0/48 HPs)
             Began as a Demonspawn Gladiator on July 8, 2023.
             Slain by an ufetubus (1 damage)
             ... on level 4 of the Dungeon.
             The game lasted 00:03:30 (3120 turns).

Demosthentine the Poker (Demonspawn Gladiator)      Turns: 3120, Time: 00:03:30

Health: 0/48       AC:  3    Str: 16    XL:     6   Next: 56%
Magic:  6/6        EV: 13    Int: 10    God:
Gold:   162        SH:  0    Dex: 14    Spells: 5/5 levels left

rFire   . . .        a - +0 trident
rCold   + . .        (no shield)
rNeg    . . .        b - +0 leather armour
rPois   .            (helmet restricted)
rElec   .            (no cloak)
rCorr   .            (no gloves)
SInv    .            (no boots)
Will    .....        (no amulet)
Stlth   +            g - ring of protection from cold
HPRegen 0.28/turn    (no ring)
MPRegen 0.10/turn

%: no passive effects
@: no status effects
A: horns 1, demonic magic 1, weakness stinger 1
a: no special abilities


You were on level 4 of the Dungeon.
You visited 1 branch of the dungeon, and saw 4 of its levels.

You collected 162 gold pieces.

Inventory:

Hand Weapons
 a - a +0 trident (weapon)
Missiles
 d - a throwing net (quivered)
 e - a javelin
 h - 5 poisoned darts
 m - 8 boomerangs
Armour
 b - a +0 leather armour (worn)
Jewellery
 g - a ring of protection from cold (left hand)
 o - a ring of protection from cold
Scrolls
 j - 2 scrolls of vulnerability
 k - a scroll of teleportation
 n - 2 scrolls of identify
Potions
 c - a potion of haste
 l - a potion of enlightenment


   Skills:
 + Level 3.8 Fighting
 + Level 4.1 Polearms
 - Level 1.7 Throwing
 + Level 2.8 Armour
 + Level 4.1 Dodging


You had 5 spell levels left.
You didn't know any spells.
Your spell library contained the following spells:

 Spells                   Type           Power      Damage    Failure   Level
 Magic Dart               Conj           0%         1d3       41%         1
 Shock                    Conj/Air       0%         1d3       41%         1
 Searing Ray              Conj           0%         2d4       56%         2
 Swiftness                Air            0%         N/A       80%         3
 Airstrike                Air            0%         2d(0-16)  99%         4
 Fulminant Prism          Conj/Hex       0%         3d5       99%         4


Dungeon Overview and Level Annotations

Branches:
Dungeon (4/15)
 Temple: D:4-7

Altars:
Fedhas

Shops:
D:2 (

Annotations:
D:4 Grinder


Innate Abilities, Weirdness & Mutations

You have a pair of small horns on your head.
Spells you cast may paralyse adjacent enemies.
You have a small tail.


Message History

Grinder says, "Wait up."
Grinder hits you.
* * * LOW HITPOINT WARNING * * *
You writhe in agony.
* * * LOW HITPOINT WARNING * * *
You feel better.
The ufetubus hits you but does no damage.
The ufetubus barely misses you. Grinder barely misses you.
The ufetubus hits you.
* * * LOW HITPOINT WARNING * * *
The ufetubus misses you.
Unknown command.
Unknown command.
You hit Grinder but do no damage. Your headbutt misses Grinder.
Grinder is moderately wounded.
The ufetubus barely misses you.
The ufetubus hits you but does no damage.
Grinder completely misses you. The ufetubus hits you.
* * * LOW HITPOINT WARNING * * *
The ufetubus barely misses you.
You completely miss Grinder.
Grinder is moderately wounded.
Grinder closely misses you. The ufetubus barely misses you.
The ufetubus closely misses you.
Unknown command.
You barely miss Grinder.
Grinder is moderately wounded.
The ufetubus misses you. The ufetubus barely misses you. Grinder hits you.
* * * LOW HITPOINT WARNING * * *
You writhe in agony.
* * * LOW HITPOINT WARNING * * *
The ufetubus hits you.
* * * LOW HITPOINT WARNING * * *
The ufetubus barely misses you.
You barely miss Grinder.
Your tail-slap misses Grinder.
Grinder is moderately wounded.
The ufetubus hits you.
* * * LOW HITPOINT WARNING * * *
The ufetubus hits you.
You die...

#.......#...## ##...
###.....###..# #)...
#........##..# #...#.
##..##....#....
.....##
#..#...............###
##.##......####...>
###.........###.....
#....##5......##.#..
##..###@.........#..
#### #.5......
#........ #.....##.
.......# ..#....#
.....##(# ..(.... ##


You could see Grinder and an ufetubus.

Vanquished Creatures
  Sigmund (D:3)
  A hound (D:4)
  2 orc wizards (D:4)
  3 gnolls (D:4)
  4 adders
  A worm (D:2)
  3 dart slugs
  4 orcs
  6 bats
  9 endoplasms
  6 giant cockroaches
  11 goblins
  5 hobgoblins
  4 jackals (D:3)
  4 quokkas
  12 ball pythons
  2 frilled lizards
  7 kobolds
  3 rats (D:2)
  A spectral hobgoblin (D:3)
89 creatures vanquished.

Notes
Turn   | Place    | Note
-------+----------+-------------------------------------------
     0 | D:1      | Demosthentine the Demonspawn Gladiator began the quest for
                  | the Orb.
     0 | D:1      | Reached XP level 1. HP: 16/16 MP: 1/1
   191 | D:1      | Gained mutation: Spells you cast may paralyse adjacent
                  | enemies. [demonic ancestry]
   191 | D:1      | Reached XP level 2. HP: 21/22 MP: 2/2
   664 | D:1      | Discovered your monstrous ancestry.
   664 | D:1      | Gained mutation: You have a pair of small horns on your
                  | head. [demonic ancestry]
   664 | D:1      | Reached XP level 3. HP: 28/28 MP: 3/3
   839 | D:2      | Reached skill level 1 in Armour
   959 | D:2      | Found a blossoming altar of Fedhas.
  1275 | D:2      | Gained mutation: You have a small tail. [demonic ancestry]
  1275 | D:2      | Reached XP level 4. HP: 34/34 MP: 4/4
  1412 | D:2      | Found Huesul's Weapon Shoppe.
  2152 | D:3      | Found a faded altar of an unknown god.
  2181 | D:3      | Noticed Sigmund
  2185 | D:3      | Killed Sigmund
  2186 | D:3      | Reached XP level 5. HP: 28/41 MP: 5/5
  2186 | D:3      | Reached XP level 6. HP: 32/47 MP: 6/6
  3095 | D:4      | Noticed Grinder
  3104 | D:4      | Paralysed by Grinder for 4 turns
  3107 | D:4      | HP: 1/48 [ufetubus (3)]
  3120 | D:4      | HP: 1/48 [ufetubus (3)]
  3120 | D:4      | Slain by an ufetubus

Illustrated notes

Levels and vault maps discovered:
D:1:      lightli_arrival_noodles, layout_basic
D:2:      layout_basic, basic_altar, serial_shops, shop,
          minmay_increasing_density
D:3:      layout_loops_cross, dreamdust_ecumenical_altar_drowned_temple,
          uniq_sigmund
D:4:      layout_cave_pools, minmay_temple_entry_enclosed_plants, fountainhead,
          uniq_grinder

Skill      XL: |  1  2  3  4  5  6 |
---------------+-------------------+-----
Dodging        | 3 4 |  4.1
Polearms       | 3 4 |  4.1
Armour         | 1 2 |  2.8
Fighting       | 3 |  3.8
Throwing       | |  1.7

Action                     |  1- 3 |  4- 6 || total
---------------------------+-------+-------++-------
  Melee: Trident           |   138 |   159 ||   297
         Punch             |     1 |       ||     1
         Headbutt          |    10 |    14 ||    24
         Tailslap          |       |    19 ||    19
  Throw: Throwing net      |       |     3 ||     3
    Use: Scroll            |     1 |     9 ||    10
         Potion            |       |     5 ||     5
   Stab: Sleeping          |       |     3 ||     3
 Armour: Leather armour    |    42 |    39 ||    81
  Dodge: Dodged            |    75 |   112 ||   187

Table legend: (Time is in decaauts)
 A = Elapsed time spent in this place.
 B = Non-inter-level travel time spent in this place.
 C = Inter-level travel time spent in this place.
 D = Time resting spent in this place.
 E = Time spent auto-exploring this place.
 F = Levels seen in this place.
 G = Mean time per level.
                   A        B        C        D        E       F      G
               +--------+--------+--------+--------+--------+-----+--------+
         Total |   3163 |   3123 |     40 |     61 |   2421 |   4 |  790.8 |
       Dungeon |   3163 |   3123 |     40 |     61 |   2421 |   4 |  790.8 |
               +--------+--------+--------+--------+--------+-----+--------+

Top non-repeatable levels by time:
     D:2: 1003 daAuts
     D:1: 824 daAuts
     D:3: 764 daAuts
     D:4: 571 daAuts
